 Dungeon Crawl Stone Soup version 0.32-a0-656-g3542139ebd (webtiles) character file.

Game seed: 1629412353148909286

235 pokeman the Magician (level 5, 0/29 HPs)
             Began as a Deep Elf Hedge Wizard on Mar 8, 2024.
             Slain by an orc wizard
             ... wielding a +0 dagger
              (3 damage)
             ... on level 4 of the Dungeon.
             The game lasted 00:03:29 (2921 turns).

pokeman the Magician (Deep Elf Hedge Wizard)        Turns: 2921, Time: 00:03:29

Health: 0/29       AC:  3    Str:  7    XL:     5   Next: 76%
Magic:  7/16       EV: 12    Int: 25    God:
Gold:   139        SH:  0    Dex: 14    Spells: 9/17 levels left

rFire   + . .        l - +2 spear of Ecwap {venom, *Noise Will+ Int+4}
rCold   . . .        (no shield)
rNeg    . . .        b - +0 robe
rPois   .            c - +0 hat
rElec   .            r - +0 cloak
rCorr   .            (no gloves)
SInv    .            (no boots)
Will    +....        (no amulet)
Stlth   +            f - ring of protection from fire
HPRegen 0.24/turn    (no ring)
MPRegen 0.15/turn

%: no passive effects
@: confused, very slightly contaminated
A: no striking features
a: Convert to Beogh


You were on level 4 of the Dungeon.
You visited 1 branch of the dungeon, and saw 4 of its levels.

You collected 139 gold pieces.

Inventory:

Hand Weapons
 l - the +2 spear of Ecwap (weapon) {venom, *Noise Will+ Int+4}
   (You found it on level 2 of the Dungeon)

   Int+4:     It affects your intelligence (+4).
   Will+:     It increases your willpower.
   *Noise:    It may make a loud noise when swung.
Armour
 b - a +0 robe (worn)
 c - a +0 hat (worn)
 r - a +0 cloak (worn)
Jewellery
 f - a ring of protection from fire (left hand)
Scrolls
 a - 4 scrolls of teleportation {unknown}
 g - a scroll of revelation {unknown}
 m - a scroll of fog {unknown}
 n - 4 scrolls of identify {unknown}
 q - a scroll of noise {unknown}
 s - a scroll of enchant armour {unknown}
 u - a scroll of torment {unknown}
Potions
 d - a potion of magic
 e - 2 potions of heal wounds {unknown}
 h - a potion of enlightenment {unknown}
 i - a potion of mutation {unknown}
 j - a potion of haste {unknown}
 k - a potion of degeneration {unknown}
 o - a potion of curing {unknown}
 p - a potion of resistance {unknown}
 t - 2 potions of brilliance {unknown}


   Skills:
 - Level 1.6 Fighting
 - Level 1.6 Armour
 + Level 2.8 Dodging
 + Level 2.6 Stealth
 * Level 6.5 Spellcasting
 + Level 2.9 Conjurations
 - Level 1.1 Summonings
 - Level 1.1 Translocations


You had 9 spell levels left.
You knew the following spells:

 Your Spells              Type           Power      Damage    Failure   Level
a - Magic Dart            Conj           88%        1d7       1%          1
b - Mephitic Cloud        Conj/Alch/Air  13%        N/A       14%         3
c - Call Imp              Summ           26%        N/A       7%          2
d - Blink                 Tloc           26%        N/A       7%          2

Your spell library contained the following spells:

 Spells                   Type           Power      Damage    Failure   Level
 Slow                     Hex            32%        N/A       7%          1
 Cigotuvi's Dreadful Rot  Necr/Alch/Air  16%        N/A       11%         2


Dungeon Overview and Level Annotations

Branches:
Dungeon (4/15)
 Temple: D:4-7

Altars:
Beogh

Annotations:
D:3 2 transporters, IdlyInterested's ghost, amateur DsGl


Message History

Press: ? - help, Shift-Dir - straight line, p - orc You miscast Mephitic Cloud.
You are very lightly contaminated with residual magic.
Nothing appears to happen.
You kill the orc!
Unknown command.
Unknown command.
You hit the orc.
The orc is poisoned.
The orc is heavily wounded.
The orc priest invokes the aid of Beogh against you.
Beogh smites you!
Ouch! That really hurt!
The orc priest shouts, "Surrender to Beogh and we'll let you live!" (press Y on the ability menu to convert to Beogh)
Casting: Mephitic Cloud (quite dangerous; 14% risk of failure)
Confirm with . or Enter, or press ? or * to list all spells.
Aiming: Mephitic Cloud (quite dangerous; 14% risk of failure)
Press: ? - help, Shift-Dir - straight line, f - orc priest
Aim: an orc priest, wielding a +0 hand axe (chance to affect: 86%)
You miscast Mephitic Cloud.
Nothing appears to happen.
The orc barely misses you. Something hits you.
* * * LOW HITPOINT WARNING * * *
Unknown command.
Casting: Mephitic Cloud (quite dangerous; 14% risk of failure)
Confirm with . or Enter, or press ? or * to list all spells.
Aiming: Mephitic Cloud (quite dangerous; 14% risk of failure)
Press: ? - help, Shift-Dir - straight line, f/p - orc priest
Aim: an orc priest, wielding a +0 hand axe (chance to affect: 86%)
The ball explodes into a vile cloud!
The stinking cloud engulfs something.
The stinking cloud engulfs the orc.
The orc is heavily wounded.
The stinking cloud engulfs you.
The orc priest threatens, "Beogh's wrath is as vast as their mercy.
Make your choice!"
You are engulfed in noxious fumes.
You choke on the stench!
You are confused.
The orc hits you with a +0 hand axe.
* * * LOW HITPOINT WARNING * * *
The orc priest yells loudly, as Orcs often do.
Something hits you.
You die...

####### ##...o@#
#..###§# #.## §§o
#.# $ß.ß$ #####
#.##....$# ....##
#..#.ß$ß.# .)...##
#..##._$##
......#####...######
......##......^....#


You could see an orc priest and an orc (very poisoned).

Vanquished Creatures
  Sigmund (D:2)
  3 adders
  2 dart slugs
  2 orcs
  4 ball pythons
  7 endoplasms
  3 giant cockroaches
  5 goblins
  3 hobgoblins
  9 kobolds
  2 quokkas (D:1)
  3 frilled lizards
  6 rats
50 creatures vanquished.

Notes
Turn   | Place    | Note
-------+----------+-------------------------------------------
     0 | D:1      | pokeman the Deep Elf Hedge Wizard began the quest for the
                  | Orb.
     0 | D:1      | Reached XP level 1. HP: 10/10 MP: 7/7
   243 | D:1      | Reached XP level 2. HP: 15/15 MP: 5/9
  1068 | D:2      | Reached skill level 5 in Spellcasting
  1174 | D:2      | Noticed Sigmund
  1199 | D:1      | Reached XP level 3. HP: 10/20 MP: 4/11
  1203 | D:1      | Learned a level 3 spell: Mephitic Cloud
  1206 | D:1      | Learned a level 2 spell: Call Imp
  1209 | D:1      | Learned a level 2 spell: Blink
  1272 | D:2      | Killed Sigmund
  1273 | D:2      | Reached skill level 1 in Fighting
  1273 | D:2      | Reached skill level 1 in Armour
  1273 | D:2      | Reached skill level 6 in Spellcasting
  1273 | D:2      | Reached XP level 4. HP: 17/25 MP: 10/14
  1273 | D:2      | Reached XP level 5. HP: 20/29 MP: 10/15
  1490 | D:2      | Identified the +2 spear of Ecwap {venom, *Noise Will+
                  | Int+4}
  2355 | D:3      | Found a transporter.
  2356 | D:3      | Noticed IdlyInterested's ghost (amateur DsGl)
  2357 | D:3      | Found a transporter.
  2357 | D:3      | Noticed an ogre
  2359 | D:3      | Noticed an ogre
  2914 | D:4      | Found a roughly hewn altar of Beogh.
  2921 | D:4      | Slain by an orc wizard

Illustrated notes

Levels and vault maps discovered:
D:1:      dpeg_arrival_more_subterranean_lakeside_camping, layout_basic
D:2:      layout_basic, uniq_sigmund
D:3:      layout_rooms, gammafunk_ghost_smash, serial_bayou_lagoon_b
D:4:      layout_rooms, mainiacjoe_overflow_alcove_1, minmay_temple_entry_ruins,
          kennysheep_orc_chapel

Skill      XL: |  1  2  3 |
---------------+----------+-----
Spellcasting   | 5 6 |  6.5
Fighting       | 1 |  1.6
Armour         | 1 |  1.6
Conjurations   | 2 |  2.9
Dodging        | |  2.8
Stealth        | |  2.6
Summonings     | |  1.1
Translocations | |  1.1

Action                     |  1- 3 |  4- 6 || total
---------------------------+-------+-------++-------
  Melee: Dagger            |    11 |       ||    11
         Spear             |       |     4 ||     4
   Cast: Magic Dart        |    67 |    57 ||   124
         Mephitic Cloud    |     1 |     1 ||     2
   Stab: Confused          |     2 |       ||     2
 Armour: Robe              |    10 |     9 ||    19
  Dodge: Dodged            |    19 |     7 ||    26

Table legend: (Time is in decaauts)
 A = Elapsed time spent in this place.
 B = Non-inter-level travel time spent in this place.
 C = Inter-level travel time spent in this place.
 D = Time resting spent in this place.
 E = Time spent auto-exploring this place.
 F = Levels seen in this place.
 G = Mean time per level.
                   A        B        C        D        E       F      G
               +--------+--------+--------+--------+--------+-----+--------+
         Total |   2937 |   2875 |     62 |     48 |   2543 |   4 |  734.2 |
       Dungeon |   2937 |   2875 |     62 |     48 |   2543 |   4 |  734.2 |
               +--------+--------+--------+--------+--------+-----+--------+

Top non-repeatable levels by time:
     D:2: 1144 daAuts
     D:1: 1120 daAuts
     D:3: 615 daAuts
     D:4: 57 daAuts
